 Dungeon Crawl Stone Soup version 0.31.0-32-g396128a36d (webtiles) character file.

Game seed: 3921042557943781172

827 BigDaddyOpFi the Covert (level 7, -5/46 HPs)
             Began as an Octopode Fighter on Mar 25, 2024.
             Slain by an ice beast (6 damage)
             ... on level 5 of the Dungeon on Mar 26, 2024.
             The game lasted 00:17:44 (8185 turns).

BigDaddyOpFi the Covert (Octopode Fighter)          Turns: 8185, Time: 00:17:45

Health: -5/46      AC:  1    Str: 15    XL:     7   Next: 97%
Magic:  7/7        EV: 14    Int: 16    God:
Gold:   272        SH:  0    Dex: 14    Spells: 3/6 levels left

rFire   . .          .
                       - Unarmed
rCold   . . .        (no shield)
rNeg    . . .        (helmet restricted)
rPois   .            (no amulet)
rElec   .            e - +6 ring of intelligence
rCorr   .            (no ring)
SInv    .            (no ring)
Will    .....        (no ring)
Stlth   +++++        (no ring)
HPRegen 0.27/turn    (no ring)
MPRegen 0.10/turn    (no ring)
                     (no ring)

%: no passive effects
@: attractive
A: almost no armour, amphibious, 8 rings, camouflage 1, gelatinous body 1,
(nimble swimmer 1), tentacles
a: no special abilities


You were on level 5 of the Dungeon.
You visited 2 branches of the dungeon, and saw 7 of its levels.

You collected 272 gold pieces.

Inventory:

Hand Weapons
 g - a +4 sling
Missiles
 c - 2 boomerangs (quivered)
Armour
 a - a +1 buckler
Jewellery
 e - a +6 ring of intelligence (left tentacle)
 f - an amulet of regeneration
 i - a ring of ice
Wands
 l - a wand of flame (3)
 n - a wand of roots (7)
Scrolls
 j - a scroll of identify
 m - a scroll of immolation
Potions
 b - a potion of cancellation
 d - 2 potions of brilliance


   Skills:
 - Level 3.3 Fighting
 - Level 3.2 Dodging
 * Level 9.3 Stealth
 - Level 3.3 Shields
 - Level 2.3 Unarmed Combat
 + Level 4.4 Necromancy


You had 3 spell levels left.
You knew the following spells:

 Your Spells              Type           Power      Damage    Failure   Level
a - Fugue of the Fallen   Necr           14%        N/A       12%         3

Your spell library contained the following spells:

 Spells                   Type           Power      Damage    Failure   Level
 Sublimation of Blood     Necr           14%        N/A       6%          2
 Call Imp                 Summ           0%         N/A       36%         2
 Ozocubu's Armour         Ice            0%         N/A       58%         3
 Manifold Assault         Tloc           0%         N/A       94%         4
 Summon Hydra             Summ           0%         N/A       100%        7


Dungeon Overview and Level Annotations

Branches:
Dungeon (6/15)             Temple (1/1) D:5

Altars:
Cheibriados
Elyvilon
Fedhas
Gozag
Hepliaklqana
Kikubaaqudgha
Makhleb
Nemelex Xobeh
Qazlal
Ru
Sif Muna
Trog
Uskayaw
Wu Jian
Xom
Yredelemnul
Zin
The Shining One

Shops:
D:5 [


Innate Abilities, Weirdness & Mutations

You cannot wear most types of armour.
You are amphibious.
You can wear up to eight rings at the same time.
Your skin changes colour to match your surroundings (Stealth+).
Your rubbery body absorbs attacks. (AC +1, EV +1)
((You are camouflaged when in or above water. (Stealth+)))
You have tentacles for arms and can constrict up to eight enemies at once.


Message History

You shoot a sling bullet. The sling bullet misses the kobold.
The kobold hits you with a +0 dagger. The kobold barely misses you.
You shoot a sling bullet. The sling bullet hits the kobold!
You kill the kobold!
You shoot a sling bullet.
The sling bullet closely misses the ice beast.
The ice beast barely misses you.
You shoot a sling bullet. The sling bullet hits the ice beast.
The ice beast is lightly wounded.
The ice beast hits you. The ice beast freezes you.
You shoot a sling bullet.
The sling bullet closely misses the ice beast.
The ice beast hits you but does no damage.
You shoot a sling bullet. The sling bullet hits the ice beast!
The ice beast is moderately wounded.
The ice beast hits you. The ice beast freezes you!
The ice beast closely misses you.
You are too injured to fight recklessly!
The ice beast attacks as it pursues you!
The ice beast hits you. The ice beast freezes you!
* * * LOW HITPOINT WARNING * * *
You see here a +0 war axe.
It was a potion of attraction.
You feel attractive to monsters. The ice beast barely misses you.
Okay, then.
You are now empty-tentacled.
You closely miss the ice beast. You squeeze the ice beast!
The ice beast is severely wounded.
The ice beast hits you.
* * * LOW HITPOINT WARNING * * *
The ice beast freezes you.
* * * LOW HITPOINT WARNING * * *
As you read the scroll labelled BIOXI GUETOYF, it crumbles to dust.
It is a scroll of enchant armour.
Your +0 buckler glows green for a moment.
The ice beast hits you.
* * * LOW HITPOINT WARNING * * *
The ice beast freezes you.
You die...

***,*###+###.####.####.#.#....,*
,**,****,###.####.####.#.#####**
*,*,,,,,,...........##.#.########
,,**,,,,,,######..#....#.#.# #...
**,,,*,,,,,,,,,#..####...#.# #.⌠.
**,,,*,,,,****,#..####...#.###...
****,*,,,,* *,#)))..#.#.#.......
,***,*,,,,* *,#.)##)#.#.#..⌠..>.
**,*,,,,,,* *,#@###.#.#.........
,,,**,********,#Y..#.#.#...###...
,*,,,,* #....).#.#.#.##).# #.⌠.
*,*...* #......'.#.#.....###...
***...#####......#.#.####........
*#.............###.# ####.###.
####.......)......,,,* #.....
........c.........,,,* ######
.......W.....#....,,,* #.


You could see an ice beast.

Vanquished Creatures
  An ogre (D:4)
  A phantom (D:5)
  3 scorpions
  2 bombardier beetles
  A hound (D:5)
  An orc priest (D:4)
  A sleepcap (D:5)
  2 iguanas
  Natasha (twice) (D:4)
  An orc wizard (D:4)
  Robin (D:4)
  3 gnolls
  3 adders
  A shadow imp (D:4)
  2 ufetubi (D:5)
  A ribbon worm (D:4)
  2 dart slugs
  4 orcs
  11 bats
  3 endoplasms
  4 giant cockroaches
  16 goblins
  10 hobgoblins
  7 jackals (D:4)
  24 kobolds
  2 quokkas (D:4)
  12 ball pythons
  10 frilled lizards
  5 rats
  2 rat zombies (D:5)
138 creatures vanquished.

Notes
Turn   | Place    | Note
-------+----------+-------------------------------------------
     0 | D:1      | BigDaddyOpFi the Octopode Fighter began the quest for the
                  | Orb.
     0 | D:1      | Reached XP level 1. HP: 16/16 MP: 1/1
   111 | D:1      | Reached XP level 2. HP: 21/21 MP: 2/2
   740 | D:1      | Reached XP level 3. HP: 19/26 MP: 3/3
  1002 | D:2      | Reached skill level 1 in Stealth
  1129 | D:2      | Reached skill level 2 in Stealth
  1412 | D:2      | Reached XP level 4. HP: 31/31 MP: 4/4
  1519 | D:2      | Reached skill level 1 in Necromancy
  2281 | D:3      | Reached skill level 3 in Stealth
  2612 | D:3      | Reached skill level 4 in Stealth
  2661 | D:3      | Found a faded altar of an unknown god.
  2676 | D:3      | Reached XP level 5. HP: 36/36 MP: 5/5
  2680 | D:3      | Learned a level 3 spell: Fugue of the Fallen
  2786 | D:3      | Found a hide-covered altar of Uskayaw.
  2788 | D:3      | Found a basalt altar of Yredelemnul.
  3182 | D:4      | Reached skill level 5 in Stealth
  3191 | D:4      | Reached XP level 6. HP: 36/42 MP: 6/6
  3267 | D:4      | Reached skill level 6 in Stealth
  3655 | D:4      | Reached skill level 7 in Stealth
  3655 | D:4      | Reached XP level 7. HP: 35/46 MP: 7/7
  5243 | D:4      | Noticed Robin
  5258 | D:4      | Killed Robin
  5259 | D:4      | Reached skill level 8 in Stealth
  5943 | D:4      | Noticed Natasha
  5954 | D:4      | Killed Natasha
  6152 | D:5      | Entered Level 5 of the Dungeon
  6165 | D:5      | Found Zyrphecka's Antique Armour Boutique.
  6290 | D:4      | Noticed Natasha
  6746 | D:4      | Killed Natasha
  7104 | D:5      | Reached skill level 9 in Stealth
  8089 | D:5      | Found a staircase to the Ecumenical Temple.
  8105 | Temple   | Entered the Ecumenical Temple
  8185 | D:5      | HP: 1/46 [ice beast (5)]
  8185 | D:5      | Slain by an ice beast

Illustrated notes

Levels and vault maps discovered:
D:1:      lordsloth_arrival_two_stooges, layout_basic, serial_curves,
          eino_curves_02, eino_curves_04
D:2:      layout_basic, minmay_misc_feat_iff, st_stairs_13,
          palyth_stone_intersect, minmay_pentomino_q2
D:3:      layout_basic, mainiacjoe_overflow_divided_tiny,
          chequers_ecumenical_altar_twisty, minmay_fractal_squares_gapless_5
D:4:      layout_loops_cross, nicolae_titane, uniq_natasha, uniq_robin
D:5:      kennysheep_kobold_camp, layout_basic, minmay_temple_entry_junction,
          serial_shops, nicolae_take_the_stairs, enter_ossuary_4,
          grunt_ministairs_10, minmay_misc_feat_room
D:6:      lemuel_slime, layout_gridville, serial_bayou, serial_bayou_pond_b,
          serial_bayou_shore_b, serial_bayou_lagoon_b, serial_bayou_pond_e,
          lightli_corner_chamber
Temple:   nicolae_temple_superstar

Skill      XL: |  1  2  3  4  5  6  7 |
---------------+----------------------+-----
Stealth        | 2 4 5 7 9 |  9.3
Necromancy     | 1 2 3 4 |  4.4
Fighting       | |  3.3
Dodging        | |  3.2
Shields        | |  3.3
Unarmed Combat | |  2.3

Action                     |  1- 3 |  4- 6 |  7- 9 || total
---------------------------+-------+-------+-------++-------
  Melee: Unarmed           |    58 |    29 |    66 ||   153
         Constrict         |    14 |     6 |    15 ||    35
         Tentacles         |     8 |     6 |    23 ||    37
         Punch             |     2 |     1 |     1 ||     4
   Fire: Sling             |    61 |    81 |   120 ||   262
  Throw: Boomerang         |       |       |     4 ||     4
   Cast: Fugue of the Fall |       |       |     8 ||     8
    Use: Scroll            |     5 |     6 |     6 ||    17
         Potion            |       |     5 |     6 ||    11
   Stab: Sleeping          |     1 |     1 |     1 ||     3
 Armour: Skin              |    31 |    31 |    98 ||   160
  Dodge: Dodged            |    47 |    45 |   129 ||   221
  Block: Buckler           |     5 |       |       ||     5
